 Dungeon Crawl Stone Soup version 0.31-a0-690-g7ce4588941 (webtiles) character file.

Game seed: 1536293724213064581

589817 Gargoyl the Gargoyle Barricade (level 26, -10/171 HPs)
             Began as a Gargoyle Berserker on Sept 6, 2023.
             Was a High Priest of Trog.
             Killed from afar by a hellion (18 damage)
             ... with damnation
             ... in Pandemonium.
             The game lasted 01:38:45 (55184 turns).

Gargoyl the Gargoyle Barricade (GrBe)              Turns: 55184, Time: 01:38:45

Health: -10/171    AC: 49    Str: 30      XL:     26   Next: 96%
Magic:  23/23      EV: 17    Int:  6      God:    Trog [*****.]
Gold:   1036       SH: 34    Dex: 22 (23) Spells: 25/25 levels left

rFire   + . .        E - +9 broad axe (elec)
rCold   + + .        J - +2 tower shield {rF+}
rNeg    + . .        C - +3 chain mail of a Labyrinth {rC+ Regen+}
rPois   ∞            D - +1 hat of the Cartwright {Dex+2 SInv}
rElec   +            L - +1 cloak
rCorr   +            e - +2 pair of gloves
SInv    +            a - +3 pair of mountain boots {steadfast, rC+}
Will    ++...        y - amulet "Mugienupt" {Reflect Will+ Str+5 SH+5}
Stlth   +            H - +6 ring of dexterity
HPRegen 1.28/turn    r - ring of resist corrosion
MPRegen 0.18/turn

%: reflection
@: marked, magic-sapped, on berserk cooldown, flying, slowed, studying Throwing,
very slow
A: sickness immunity, AC +20, big wings, negative energy resistance 1,
electricity resistance, torment resistance 1, petrification resistance, horns 1,
deterioration 1, dopey 2, frail 1, screaming 1, subdued magic 1, MP-powered
wands
}: 4/15 runes: serpentine, barnacled, slimy, silver
a: Renounce Religion, Berserk, Trog's Hand, Brothers in Arms


You were in Pandemonium.
You worshipped Trog.
Trog was extremely pleased with you.
You visited 10 branches of the dungeon, and saw 50 of its levels.
You visited Pandemonium 1 time, and saw 3 of its levels.
You visited the Abyss 1 time.
You also visited: Gauntlet.

You collected 7060 gold pieces.
You spent 6024 gold pieces at shops.

Inventory:

Hand Weapons
 t - a +3 broad axe of flaming
 E - a +9 broad axe of electrocution (weapon)
 K - the +10 zealot's sword {holy, Zealotry, *Rage rN+ EV+3}
   (You bought it in a shop on level 3 of the Depths)

   Zealotry:  Whenever the wielder enters a berserk rage, their allies are
   berserked alongside them.
   EV+3:      It affects your evasion (+3).
   rN+:       It protects you from negative energy.
   *Rage:     It berserks you when you make melee attacks (+20% chance).
 T - the +8 broad axe of Melee {flame, Str+4}
   (Trog gifted it to you on level 1 of the Elven Halls)

   Str+4:     It affects your strength (+4).
 U - a +1 scimitar of holy wrath
Missiles
 b - 50 poisoned darts (quivered)
 A - 16 curare-tipped darts
Armour
 a - the +3 pair of mountain boots (worn) {steadfast, rC+}
   (You acquired it on level 3 of the Lair of Beasts)

   Steadfast: It prevents involuntary movement, except for blinking,
   teleportation, or banishment.
   rC+:       It protects you from cold.
 e - a +2 pair of gloves (worn)
 C - the +3 chain mail of a Labyrinth (worn) {rC+ Regen+}
   (You found it on level 5 of the Lair of Beasts)

   rC+:       It protects you from cold.
   Regen+:    It increases your rate of health regeneration.
 D - the +1 hat of the Cartwright (worn) {Dex+2 SInv}
   (You found it on level 1 of the Depths)

   Dex+2:     It affects your dexterity (+2).
   SInv:      It lets you see invisible.
 J - a +2 tower shield of fire resistance (worn)
 L - a +1 cloak (worn)
 Y - the +2 pair of gloves "Comnaush" {rPois Str+3 Int-4 Stlth+}
   (You found it on level 1 of the Vaults)

   Str+3:     It affects your strength (+3).
   Int-4:     It affects your intelligence (-4).
   rPois:     It protects you from poison Stlth+: It makes you more stealthy.
Jewellery
 r - a ring of resist corrosion (right hand)
 y - the amulet "Mugienupt" (around neck) {Reflect Will+ Str+5 SH+5}
   (You acquired it on level 3 of the Lair of Beasts)

   [amulet of reflection]

   Reflect:   It reflects blocked missile attacks.
   Str+5:     It affects your strength (+5).
   Will+:     It increases your willpower.
   SH+5:      It affects your SH (+5).
 H - a +6 ring of dexterity (left hand)
Wands
 n - a wand of polymorph (26)
 u - a wand of mindburst (28)
 x - a wand of light (40)
 z - a wand of charming (35)
 R - a wand of flame (65)
 X - a wand of digging (44)
Scrolls
 d - a scroll of brand weapon
 g - 15 scrolls of blinking
 i - 8 scrolls of poison
 k - 12 scrolls of revelation
 v - 11 scrolls of fog
 w - 7 scrolls of vulnerability
 G - 3 scrolls of butterflies
 I - 6 scrolls of immolation
 N - 19 scrolls of teleportation
 O - 37 scrolls of identify
 S - 2 scrolls of fear
 W - a scroll of torment
Potions
 c - 25 potions of curing
 h - 9 potions of heal wounds
 j - 3 potions of might
 l - 3 potions of mutation
 o - 8 potions of magic
 p - 2 potions of ambrosia
 q - 3 potions of invisibility
 s - 7 potions of cancellation
 M - 2 potions of berserk rage
 P - 7 potions of haste
 Q - a potion of attraction
 V - 5 potions of enlightenment


   Skills:
 + Level 26.1 Fighting
 + Level 4.5 Long Blades
 + Level 26.1 Axes
 + Level 1.8 Throwing
 + Level 17.4 Armour
 + Level 10.1 Dodging
 + Level 5.0 Stealth
 O Level 27 Shields


You had 25 spell levels left.
You didn't know any spells.
Your spell library was empty.

Dungeon Overview and Level Annotations

Branches:
Dungeon (15/15)            Temple (0/1) D:5            Lair (5/5) D:10
 Shoals (4/4) Lair:2        Snake (4/4) Lair:3        Slime (5/5) Lair:4
    Orc (2/2) D:10            Elf (3/3) Orc:2        Vaults (5/5) D:14
  Crypt (3/3) Vaults:2       Tomb (0/3) Crypt:3      Depths (4/4) D:15
    Zot (0/5) Depths:4    Gauntlet (visited)

Altars:
Ashenzari
Elyvilon
Kikubaaqudgha
Nemelex Xobeh
Okawaru
Sif Muna
Vehumet
Wu Jian
Xom
Yredelemnul
Zin
The Shining One
Jiyva
Lugonu

Shops:
D:6 [   D:15 *   Orc:2 !=[=   Elf:2 :   Shoals:2 !   Shoals:3 *   Snake:3 ?[
Vaults:2 ?   Depths:3 (:=   Depths:4 =:=

Portals:
Hell: Depths:1 Depths:2 Depths:3 Depths:4
Abyss: Depths:1 Depths:2 Depths:3
Pandemonium: Depths:1 Depths:2 Depths:4
Ziggurat: Depths:2


Innate Abilities, Weirdness & Mutations

You are immune to sickness and miasma.
Your stone body is resilient. (AC +20)
You are immune to poison.
Your large and strong wings let you fly.
You resist negative energy. (rN+)
You are resistant to electric shocks. (rElec)
You are resistant to unholy torment.
You are immune to petrification.
You have a pair of small horns on your head.
Your body sometimes deteriorates upon taking damage.
You are very dopey. (Int -4)
You are frail. (-10% HP)
You occasionally shout uncontrollably at your foes.
Your spells are a little easier to cast, but a little less powerful.
You expend magic power (3 MP) to strengthen your wands.


Message History

Unknown command.
You feel a strong urge to attack something.
You are no longer berserk.
You are exhausted.
You feel yourself slow down.
You feel much better. The hellion gestures at you.
The sphere of damnation explodes!
The damnation engulfs you!
* * * LOW HITPOINT WARNING * * *
Unknown command.
You feel much better. The hellion gestures at you.
The sphere of damnation explodes!
The damnation engulfs you!
* * * LOW HITPOINT WARNING * * *
A blizzard demon comes into view.
The hellion gestures at you.
The sphere of damnation explodes!
The damnation engulfs you!!
* * * LOW HITPOINT WARNING * * *
Your body deteriorates!
You feel clumsy.
The damnation engulfs the ynoxinul!!
The blizzard demon moves out of view.
You feel much better.
Your skin stops crawling.
You feel less strong-willed.
A demonspawn blood saint comes into view.
It is wielding the +1 short sword "Viucw" {pain, rN+}.
You block the ynoxinul's attack. The hellion gestures at you.
The sphere of damnation explodes!
The damnation engulfs you!
* * * LOW HITPOINT WARNING * * *
The damnation engulfs the ynoxinul!!
The ynoxinul dies!
The damnation engulfs the hellion.
The hellion completely resists.
Blink to where?
Press: ? - help, Dir - move target A hellion comes into view.
As you read the scroll of blinking, it crumbles to dust.
The hellion gestures at you.
The sphere of damnation explodes!
The damnation engulfs you!!
* * * LOW HITPOINT WARNING * * *
The hellion gestures at you.
The sphere of damnation explodes!
The damnation engulfs you!!
You die...

....)....#.....
.....)#..#.....#.....
##.#.##..'.....#....#
.........#######.... ....
...................# ....
#.##'##............# ....
......#..##'####...# 35..
......'.)#.....#∩..# ....
......#..#.....#@..# ##....
###'###.)#'#####..2# ###.....
..................3#######.......
......................[.)........
##'#..##########.....§..).)......
..#..'.) #2.....2..........
...#..#... #6.##########'#...
...#..#..# #..# ..#... ...#..# .#
.'..' ..'...


You could see a demonspawn blood saint, a blizzard demon, a sun demon and 2
hellions.

Vanquished Creatures
  the Royal Jelly (Slime:5)
  3 dread liches
  An ancient lich (Vaults:4)
  A juggernaut (Depths:3)
  Josephina (Crypt:3)
  3 caustic shrikes (Depths:4)
  Jory (Depths:3)
  3 golden dragons
  2 bone dragons
  A pearl dragon (Depths:1)
  2 pandemonium lords (Pan)
  The ghost of schaIuck the Earth Mage, an adept GrEE of Vehumet (Elf:2)
  2 Brimstone Fiends (Pan)
  4 tentacled monstrosities
  4 Ice Fiends (Pan)
  3 Hell Sentinels (Pan)
  A deep elf blademaster (Elf:2)
  A walking earthen tome (Depths:1)
  3 titans (Vaults:4)
  Asterion (Elf:1)
  5 sphinxes
  6 liches
  12 acid blobs
  2 tentacled starspawn (Abyss:2)
  7 quicksilver dragons
  2 ancient champions
  A walking divine tome (Depths:4)
  2 krakens
  Kirke (Lair:4)
  7 tengu reavers
  2 Executioners (Pan)
  5 storm dragons
  5 shadow dragons
  A revenant (Crypt:2)
  Donald (Vaults:2)
  9 frost giants
  7 rockslimes
  12 azure jellies
  10 fire giants
  4 nagarajas
  Aizul (Shoals:1)
  4 demonspawn warmongers (Pan)
  3 iron dragons
  6 deep elf sorcerers
  A curse skull (Elf:2)
  3 cacodemons
  4 balrugs (Pan)
  21 vault wardens
  A ghost moth (shapeshifter) (Vaults:4)
  2 orc warlords
  2 demonspawn blood saints (Pan)
  A draconian annihilator (Depths:4)
  7 deep elf elementalists
  A draconian stormcaller (Depths:4)
  An ophan (Depths:1)
  6 formless jellyfish
  A juggernaut skeleton (Crypt:2)
  3 demonspawn corrupters (Pan)
  15 very ugly things
  20 stone giants
  2 ghouls
  9 reapers (Pan)
  2 spriggan defenders (Depths:3)
  8 quicksilver oozes
  14 ironbound preservers
  9 war gargoyles
  5 ironbound thunderhulks
  8 vampire knights
  12 deep elf annihilators
  3 lorocyprocas
  An apis (Depths:1)
  3 deep elf demonologists
  2 pale draconians (Depths:4)
  5 dire elephants
  2 yellow draconians (Depths:4)
  2 red draconians (Depths:4)
  3 demonspawn black suns (Pan)
  A minotaur (Gauntlet)
  2 purple draconians (Depths:4)
  6 spark wasps
  3 eidola
  4 blizzard demons
  2 jiangshi
  5 merfolk javelineers
  7 merfolk impalers
  9 yaktaur captains
  6 ettins
  4 crystal guardians
  13 deep elf high priests
  8 great orbs of eyes
  9 deep elf death magi
  A green death (Pan)
  4 fire dragons
  2 spriggan zombies (Crypt:3)
  Erolcha (Orc:2)
  2 ice dragons
  2 rakshasas
  27 vault guards
  2 caustic shrike simulacra (Crypt:3)
  4 hydras
  3 merfolk aquamancers (Shoals:4)
  A ghost crab (Gauntlet)
  3 peacekeepers
  6 centaur warriors
  10 ironbound frosthearts
  3 boulder beetles
  4 merfolk avatars
  A two-headed ogre (D:15)
  3 catoblepae
  A spriggan skeleton (Crypt:3)
  A spriggan air mage (Depths:2)
  2 ogre magi (Orc:2)
  A death knight (Crypt:1)
  5 salamander tyrants (Snake:4)
  13 anacondas
  32 dancing weapons
  A bennu zombie (Crypt:1)
  Erica (Lair:1)
  An azure jelly zombie (Crypt:2)
  A deep troll shaman (Depths:4)
  4 death yaks (Lair:4)
  8 naga warriors
  7 tengu warriors
  6 deep troll earth magi
  2 orc high priests (Elf:1)
  10 shock serpents
  20 sun demons (Pan)
  A sphinx skeleton (Crypt:1)
  3 spriggan berserkers
  2 thrashing horrors
  30 deep elf knights
  3 vampire magi
  9 soul eaters
  A titan zombie (Crypt:3)
  22 hell knights
  13 naga sharpshooters
  7 skysharks
  Sonja (Orc:2)
  3 iron trolls
  2 shadow wraiths (Elf:2)
  Amaemon (D:8)
  2 sixfirhies (Pan)
  A wretched star (Abyss:2)
  A salamander mystic (Snake:2)
  25 skeletal warriors
  33 deep trolls
  11 naga ritualists
  13 sea snakes
  3 glowing orange brains
  5 shadow demons (Pan)
  3 flayed ghosts
  A bunyip skeleton (Crypt:3)
  A cherub (Pan)
  7 wizards
  A phantasmal warrior (Vaults:4)
  21 harpies
  16 deep elf archers
  4 lindwurms
  2 iron dragon zombies
  2 anaconda skeletons
  A golden dragon skeleton (Crypt:2)
  9 orc knights
  41 deep elf pyromancers
  14 necromancers
  2 oklob plants (Shoals:2)
  33 deep elf zephyrmancers
  2 starcursed masses (Abyss:2)
  20 large abominations
  8 ironbound convokers
  An orange crystal statue (Depths:1)
  10 mana vipers
  30 ugly things
  A sphinx simulacrum (Vaults:5)
  4 shining eyes
  A frost giant zombie (Crypt:1)
  A shadow dragon skeleton (Crypt:3)
  A wolf spider (shapeshifter) (Vaults:4)
  11 orc sorcerers
  10 salamanders
  A moth of wrath (shapeshifter) (Depths:3)
  A worldbinder (Abyss:2)
  7 cyclopes
  8 fauns
  3 wolf spiders
  16 manticores
  50 black mambas
  9 merfolk sirens
  7 guardian serpents
  17 vault sentinels
  Maurice (D:11)
  3 water nymphs
  A centaur zombie (Crypt:3)
  20 elephants
  A rust devil (Pan)
  3 spectral elves (Elf:2)
  5 orange demons
  An eye of devastation (Slime:1)
  2 hellions (Pan)
  14 cane toads
  10 naga magi
  An alligator snapping turtle zombie (Crypt:3)
  3 smoke demons (Pan)
  2 elf zombies (Vaults:5)
  2 freezing wraiths
  An iron troll zombie (Crypt:1)
  3 minotaur zombies
  6 komodo dragons
  A yaktaur (shapeshifter) (Elf:1)
  2 rime drakes
  3 efreet
  3 tengu conjurers
  A tormentor (Pan)
  An ice devil (Pan)
  An ancient zyme (Abyss:2)
  5 trolls
  36 yaktaurs
  A red devil (Pan)
  A harpy zombie (Crypt:3)
  A tyrant leech (shapeshifter) (Depths:4)
  3 polar bears
  28 merfolk
  A polar bear (shapeshifter) (Vaults:4)
  3 meliai (D:14)
  5 raiju (Abyss:2)
  A tarantella (shapeshifter) (Vaults:4)
  6 hornets
  A harpy skeleton (Crypt:2)
  An ettin zombie (Crypt:2)
  A stone giant simulacrum (Crypt:3)
  2 dream sheep (shapeshifter)
  10 dream sheep
  2 wind drakes
  134 slime creatures
  40 blink frogs
  4 air elementals
  7 snapping turtles
  A centaur simulacrum (Crypt:3)
  3 spriggans
  37 flying skulls
  A naga simulacrum (Crypt:3)
  14 wyverns
  5 ynoxinuls
  A vampire (D:13)
  16 water elementals
  2 fire elementals (Elf:1)
  8 wraiths
  4 hogs (Lair:4)
  3 basilisks
  16 humans (D:14)
  6 golden eyes
  54 yaks
  4 neqoxecs (Pan)
  8 vampire mosquitoes
  4 chaos spawn (Pan)
  3 redbacks (Lair:5)
  4 steam dragons
  A swamp worm (shapeshifter) (Depths:2)
  A glowing shapeshifter zombie (Vaults:5)
  5 wargs
  34 nagas
  2 floating eyes
  4 acid dragons
  21 water moccasins
  A floating eye (shapeshifter) (Vaults:4)
  2 merfolk skeletons (Crypt:1)
  18 orc warriors
  3 ice beasts (D:7)
  3 small abominations
  8 ogres
  3 black bears
  11 wolves
  7 centaurs
  3 elf simulacra (Elf:2)
  3 phantoms
  A kobold brigand (D:5)
  5 bullfrogs
  4 necrophages (Crypt:3)
  2 gnoll sergeants
  A scorpion (D:6)
  5 earth elementals
  2 troll zombies
  7 killer bees
  A howler monkey (D:9)
  9 electric eels
  A human zombie (Crypt:1)
  A quasit (Abyss:2)
  5 hounds
  5 orc priests
  2 sleepcaps
  Terence (D:2)
  Jessica (D:2)
  A gnoll bouda (D:5)
  12 human skeletons (Vaults:3)
  4 iguanas
  36 orc wizards
  5 hell rats (Lair:5)
  A boggart skeleton (Crypt:2)
  7 ogre zombies (D:10)
  Robin (D:3)
  11 adders
  15 gnolls
  2 swamp drake skeletons
  5 shadow imps
  2 white imps
  An ufetubus (Pan)
  2 worms
  2 dart slugs
  69 orcs
  5 ball pythons
  8 endoplasms
  7 giant cockroaches
  12 goblins
  5 hobgoblins
  6 jackals (D:1)
  9 kobolds
  3 quokkas
  2 bats (D:1)
  2 frilled lizards
  A goblin skeleton (D:10)
  2 goblin zombies (D:10)
  3 hobgoblin skeletons (D:10)
  2 hobgoblin zombies (D:10)
  A kobold zombie (D:6)
  3 orc skeletons (D:10)
  14 orc zombies (D:10)
  A quokka skeleton (Crypt:2)
  7 rats
  3 spectral weapons (Elf:1)
  4 starspawn tentacles (Abyss:2)
  3 tentacles
2216 creatures vanquished.

Vanquished Creatures (collateral kills)
  Mara (Depths:1)
  Bai Suzhen (Elf:3)
  A golden dragon (Vaults:5)
  A walking divine tome (Depths:3)
  A pandemonium lord (Pan)
  An ancient champion (Crypt:2)
  A revenant (Crypt:1)
  A curse skull (Crypt:2)
  A cacodemon (Pan)
  A demonspawn corrupter (Pan)
  A stone giant (Depths:2)
  Snorg (D:10)
  An ettin (Depths:1)
  A crystal guardian (Vaults:3)
  A yaktaur captain (Vaults:2)
  A rakshasa (Depths:3)
  A vault guard (Vaults:5)
  An anaconda (Snake:4)
  A boulder beetle (Lair:1)
  2 naga warriors (Snake:4)
  A tengu warrior (Depths:2)
  2 spriggan berserkers
  3 sun demons (Pan)
  A deep troll (Vaults:2)
  A flayed ghost (Depths:3)
  A wizard (Vaults:2)
  3 ironbound convokers (Vaults:2)
  A necromancer (Vaults:5)
  An ugly thing (Vaults:2)
  A rust devil (Pan)
  2 guardian serpents (Snake:4)
  A vault sentinel (Vaults:2)
  A pale draconian zombie (Crypt:1)
  A freezing wraith (Crypt:2)
  3 slime creatures (Vaults:2)
  A shadow (D:10)
  A water elemental (Depths:2)
  A naga (Snake:4)
  A large abomination (Pan)
48 creatures vanquished.

Vanquished Creatures (others)
  A nagaraja (Snake:4)
  A deep elf sorcerer (Elf:3)
  A lorocyproca (Pan)
  A vault guard (Vaults:5)
  4 deep elf knights
  2 deep elf archers (Elf:2)
  6 deep elf pyromancers
  A deep elf zephyrmancer (Elf:1)
  2 manticores (Shoals:4)
  A ynoxinul (Pan)
  A naga (Snake:4)
  An orc wizard (Orc:2)
  4 orcs
  7 starspawn tentacles
  6 tentacles
39 creatures vanquished.

Grand Total: 2303 creatures vanquished

Notes
Turn   | Place    | Note
-------+----------+-------------------------------------------
     0 | D:1      | Gargoyl the Gargoyle Berserker began the quest for the Orb.
     0 | D:1      | Reached XP level 1. HP: 14/14 MP: 1/1
   196 | D:1      | Reached XP level 2. HP: 19/19 MP: 2/2
   601 | D:1      | Reached XP level 3. HP: 20/24 MP: 3/3
   807 | D:2      | Noticed Jessica
   824 | D:2      | Killed Jessica
   941 | D:2      | Reached XP level 4. HP: 29/29 MP: 4/4
  1003 | D:2      | Noticed Terence
  1035 | D:2      | Killed Terence
  1213 | D:2      | Reached XP level 5. HP: 30/33 MP: 5/5
  1304 | D:2      | Reached ** piety under Trog
  1876 | D:3      | Reached skill level 1 in Shields
  2205 | D:3      | Noticed Robin
  2218 | D:3      | Killed Robin
  2797 | D:4      | Found a shimmering blue altar of Sif Muna.
  2806 | D:4      | Found an ornate altar of the Wu Jian Council.
  2823 | D:4      | Reached XP level 6. HP: 38/38 MP: 6/6
  2826 | D:4      | Reached skill level 5 in Axes
  2943 | D:4      | Reached *** piety under Trog
  3418 | D:4      | Reached XP level 7. HP: 44/44 MP: 7/7
  3511 | D:5      | Entered Level 5 of the Dungeon
  3548 | D:5      | Found a staircase to the Ecumenical Temple.
  3629 | D:5      | Reached skill level 2 in Shields
  3826 | D:5      | Reached XP level 8. HP: 46/48 MP: 8/8
  3832 | D:5      | Reached skill level 1 in Stealth
  4122 | D:5      | Reached skill level 5 in Fighting
  4157 | D:5      | Reached **** piety under Trog
  4273 | D:5      | Reached skill level 5 in Armour
  4277 | D:5      | Reached skill level 3 in Shields
  4530 | D:6      | Found Affoh's Armour Boutique.
  5084 | D:6      | Found a runed translucent door.
  5090 | D:6      | Found a basalt altar of Yredelemnul.
  5384 | D:7      | Reached XP level 9. HP: 54/54 MP: 9/9
  6043 | D:7      | Found a sparkling altar of Nemelex Xobeh.
  6043 | D:7      | Found a transporter.
  6043 | D:7      | Noticed a tengu warrior
  6044 | D:7      | Noticed a two-headed ogre
  6184 | D:7      | Reached skill level 4 in Shields
  6442 | D:8      | Noticed Amaemon
  6443 | D:8      | Noticed an orange demon
  6457 | D:8      | Killed Amaemon
  6458 | D:8      | Reached XP level 10. HP: 60/60 MP: 10/10
  6465 | D:8      | Killed an orange demon
  6859 | D:9      | Reached skill level 5 in Shields
  6874 | D:9      | Noticed a manticore
  6883 | D:9      | Killed a manticore
  6942 | D:6      | Bought the +0 chain mail of the Skies Above {rC+ rN+ rCorr
                  | Int+4} for 440 gold pieces
  6942 | D:6      | Bought a +0 helmet of see invisible for 138 gold pieces
  7614 | D:10     | Entered Level 10 of the Dungeon
  7678 | D:10     | Found a staircase to the Orcish Mines.
  7692 | D:10     | Reached ***** piety under Trog
  7702 | D:10     | Reached skill level 10 in Axes
  7755 | D:10     | Noticed a deep elf pyromancer
  7769 | D:10     | Killed a deep elf pyromancer
  8082 | D:10     | Noticed Snorg
  8089 | D:10     | Killed Snorg
  8090 | D:10     | Reached XP level 11. HP: 67/67 MP: 11/11
  8116 | D:10     | Identified the +0 quarterstaff of the Scorned {pain, rCorr
                  | Str+3 Int+3}
  8218 | D:10     | Found a staircase to the Lair.
  8544 | D:11     | Reached skill level 6 in Shields
  8795 | D:11     | Noticed a manticore
  8803 | D:11     | Killed a manticore
  8960 | D:11     | Noticed a manticore
  8972 | D:11     | Killed a manticore
  9088 | D:11     | Noticed a green ugly thing
  9099 | D:11     | Killed a green ugly thing
  9127 | D:11     | Noticed Maurice
  9134 | D:11     | Killed Maurice
  9135 | D:11     | Reached skill level 10 in Armour
  9354 | Lair:1   | Entered Level 1 of the Lair of Beasts
  9390 | Lair:1   | Reached XP level 12. HP: 41/74 MP: 12/12
  9503 | Lair:1   | Noticed a boulder beetle
  9656 | Lair:1   | Noticed Erica
  9673 | Lair:1   | Killed Erica
  9674 | Lair:1   | Reached skill level 7 in Shields
  9795 | Lair:1   | Killed a boulder beetle
 10929 | Lair:2   | Noticed a boulder beetle
 10948 | Lair:2   | Killed a boulder beetle
 10949 | Lair:2   | Reached skill level 1 in Throwing
 10949 | Lair:2   | Reached XP level 13. HP: 35/81 MP: 13/13
 11099 | Lair:2   | Reached skill level 8 in Shields
 11383 | Lair:2   | Identified the +4 broad axe of Hijureh {flame, Int-3 Dex+4
                  | Stlth+} (Trog gifted it to you on level 2 of the Lair of
                  | Beasts)
 11383 | Lair:2   | Received a gift from Trog
 11682 | Lair:2   | Found a staircase to the Shoals.
 11807 | Lair:3   | Identified a scroll of acquirement
 11807 | Lair:3   | Acquired the +3 pair of mountain boots {steadfast, rC+}
 11807 | Lair:3   | Found the +3 pair of mountain boots {steadfast, rC+}
 11896 | Lair:3   | Found a staircase to the Snake Pit.
 11907 | Lair:3   | Reached skill level 10 in Fighting
 12058 | Lair:3   | Acquired the amulet "Mugienupt" {Reflect Will+ Str+5 SH+5}
 12614 | Lair:4   | Reached skill level 15 in Axes
 12618 | Lair:4   | Reached skill level 9 in Shields
 13109 | Lair:4   | Found a viscous altar of Jiyva.
 13109 | Lair:4   | Found a staircase to the Slime Pits.
 13180 | Lair:4   | Gained mutation: Your large and strong wings let you fly.
                  | [Gargoyle growth]
 13180 | Lair:4   | Reached XP level 14. HP: 88/88 MP: 14/14
 13342 | Lair:4   | Noticed Kirke
 13353 | Lair:4   | Killed Kirke
 13546 | Lair:5   | Entered Level 5 of the Lair of Beasts
 13997 | Lair:5   | Reached skill level 10 in Shields
 14014 | Lair:5   | Received a gift from Trog
 14119 | Lair:5   | Identified the +3 chain mail of a Labyrinth {rC+ Regen+}
 14862 | D:10     | Gained mutation: You are dopey. (Int -2) [potion of
                  | mutation]
 14862 | D:10     | Gained mutation: Your flesh is heat resistant. (rF+)
                  | [potion of mutation]
 14862 | D:10     | Gained mutation: Your muscles are strong. (Str +4, Int/Dex
                  | -1) [potion of mutation]
 14862 | D:10     | Gained mutation: You have a somewhat thin skeletal
                  | structure. (Dex +2, Stealth+) [potion of mutation]
 14925 | D:12     | Found an iron altar of Okawaru.
 15350 | D:13     | Received a gift from Trog
 15370 | D:13     | Reached XP level 15. HP: 96/96 MP: 15/15
 15588 | D:13     | Found a gate leading to a gauntlet.
 15641 | Gauntlet | Entered a Gauntlet
 15641 | Gauntlet | Found a transporter.
 15650 | Gauntlet | Found a transporter.
 15676 | Gauntlet | Reached skill level 5 in Dodging
 15692 | Gauntlet | Found a transporter.
 15693 | Gauntlet | Found a transporter.
 15704 | Gauntlet | Found a transporter.
 15716 | Gauntlet | Reached skill level 11 in Shields
 15908 | Gauntlet | Identified the +2 helmet "Dempu" {rF- rC++ rCorr}
 16031 | D:14     | Found a gate to the Vaults.
 16864 | D:15     | Entered Level 15 of the Dungeon
 17023 | D:15     | Found Fookh's Overcharged Wands.
 17067 | D:15     | Found a staircase to the Depths.
 17939 | Orc:1    | Entered Level 1 of the Orcish Mines
 18156 | Orc:2    | Entered Level 2 of the Orcish Mines
 18162 | Orc:2    | Found a staircase to the Elven Halls.
 18163 | Orc:2    | Noticed Sonja
 18181 | Orc:2    | Killed Sonja
 18554 | Orc:1    | Noticed an orc warlord
 18555 | Orc:1    | Reached ****** piety under Trog
 18557 | Orc:1    | Received a gift from Trog
 18563 | Orc:1    | Reached skill level 12 in Shields
 18578 | Orc:1    | Killed an orc warlord
 18917 | Orc:2    | Found Gavug's Antique Armour Emporium.
 18946 | Orc:2    | Found Vial's Jewellery Shoppe.
 18973 | Orc:2    | Found a radiant altar of Vehumet.
 18974 | Orc:2    | Noticed Erolcha
 18979 | Orc:2    | Paralysed by an orc sorcerer for 5 turns
 18988 | Orc:2    | Killed Erolcha
 18990 | Orc:2    | Reached XP level 16. HP: 100/104 MP: 16/16
 18992 | Orc:2    | Found Kimoic's Jewellery Emporium.
 18998 | Orc:2    | Received a gift from Trog
 19033 | Orc:2    | Found an ancient bone altar of Kikubaaqudgha.
 19073 | Orc:2    | Found Aplanyaw's Distillery.
 19373 | Snake:1  | Entered Level 1 of the Snake Pit
 20697 | Snake:2  | Received a gift from Trog
 20795 | Snake:2  | Noticed a nagaraja
 20809 | Snake:2  | Killed a nagaraja
 20962 | Snake:2  | Reached skill level 13 in Shields
 21873 | Snake:3  | Reached XP level 17. HP: 112/112 MP: 17/17
 21937 | Snake:3  | Received a gift from Trog
 21948 | Snake:3  | Reached skill level 14 in Shields
 22340 | Snake:3  | Found Kavaici's Armour Shop.
 22349 | Snake:3  | Found Zuikh's Magic Scroll Shop.
 22356 | Snake:3  | Bought a scroll of blinking for 90 gold pieces
 22356 | Snake:3  | Bought a scroll of blinking for 90 gold pieces
 22356 | Snake:3  | Bought a scroll of teleportation for 36 gold pieces
 22356 | Snake:3  | Bought a scroll of teleportation for 36 gold pieces
 22356 | Snake:3  | Bought a scroll of teleportation for 36 gold pieces
 22356 | Snake:3  | Bought a scroll of enchant armour for 90 gold pieces
 22356 | Snake:3  | Bought a scroll of enchant armour for 90 gold pieces
 22517 | Snake:4  | Entered Level 4 of the Snake Pit
 22716 | Snake:4  | Reached skill level 15 in Fighting
 23210 | Snake:4  | Received a gift from Trog
 23249 | Snake:4  | Reached skill level 15 in Shields
 23312 | Snake:4  | Noticed a quicksilver dragon
 23329 | Snake:4  | Killed a quicksilver dragon
 23334 | Snake:4  | Got a serpentine rune of Zot
 23811 | Vaults:1 | Entered Level 1 of the Vaults
 24334 | Vaults:1 | Identified the +2 pair of gloves "Comnaush" {rPois Str+3
                  | Int-4 Stlth+}
 24361 | Vaults:1 | Reached XP level 18. HP: 105/120 MP: 18/18
 24968 | Vaults:1 | Received a gift from Trog
 25058 | Vaults:1 | Reached skill level 16 in Shields
 25359 | Vaults:2 | Noticed Donald
 25376 | Vaults:2 | Killed Donald
 25857 | Vaults:2 | Found Xeono's Magic Scroll Shoppe.
 25895 | Vaults:2 | Bought a scroll of blinking for 120 gold pieces
 25895 | Vaults:2 | Bought a scroll of teleportation for 48 gold pieces
 25895 | Vaults:2 | Bought a scroll of blinking for 120 gold pieces
 26250 | Vaults:2 | Noticed a bone dragon
 26276 | Vaults:2 | Killed a bone dragon
 26277 | Vaults:2 | Reached XP level 19. HP: 105/127 MP: 19/19
 26277 | Vaults:2 | Found a staircase to the Crypt.
 26670 | Vaults:3 | Identified the +7 chain mail of Vaco {rElec rC+ MP+9 Str+3}
 26750 | Vaults:3 | Found a magical portal.
 26810 | Vaults:3 | Received a gift from Trog
 26893 | Vaults:3 | Reached skill level 17 in Shields
 27723 | Vaults:3 | Identified the +4 broad axe of the Boiling Point {heavy,
                  | rPois} (Trog gifted it to you on level 3 of the Vaults)
 27723 | Vaults:3 | Received a gift from Trog
 29012 | Vaults:4 | Reached skill level 15 in Armour
 29121 | Vaults:4 | Noticed a tentacled monstrosity
 29137 | Vaults:4 | Killed a tentacled monstrosity
 29514 | Vaults:5 | Entered Level 5 of the Vaults
 29527 | Vaults:5 | Reached XP level 20. HP: 131/136 MP: 20/20
 29530 | Vaults:5 | Noticed an ancient lich
 29531 | Vaults:5 | Reached skill level 18 in Shields
 29643 | Vaults:4 | Killed an ancient lich
 29682 | Vaults:5 | Noticed a dread lich
 29685 | Vaults:5 | Noticed a dread lich
 29689 | Vaults:5 | Identified the +3 orcbow of the Valley of Death {elec, rN+
                  | rCorr}
 29710 | Vaults:4 | Noticed a Tzitzimitl
 29711 | Vaults:4 | Killed a dread lich
 29714 | Vaults:4 | Killed a dread lich
 29714 | Vaults:4 | Received a gift from Trog
 30190 | Vaults:5 | Identified the +5 ring mail of Oghaff Xegg {rC- Will+
                  | Regen+ Int+7}
 30413 | Vaults:4 | Paralysed by a floating eye for 4 turns
 30529 | Vaults:4 | Received a gift from Trog
 30615 | Vaults:4 | Reached skill level 19 in Shields
 30818 | Vaults:4 | Reached XP level 21. HP: 144/144 MP: 21/21
 30863 | Vaults:5 | Noticed a golden dragon
 31152 | Vaults:5 | Killed a golden dragon
 31201 | Vaults:5 | Identified the staff "Tanweup" {Fly rC+ Will+ Dex+4 Ice}
 31326 | Vaults:5 | Identified the +7 hand axe "Zufeujupn" {freeze, *Rage rC++}
 31436 | Vaults:5 | Identified the staff "Yskotwif" {rElec rN+ Necro}
 31571 | Vaults:5 | Identified the staff "Hejej" {rElec rC- Dex+3 Conj}
 31861 | Vaults:5 | Identified the +1 ring mail of Lesser Demons {-Cast rElec
                  | SInv}
 31915 | Vaults:5 | Identified the amulet "Xuth" {Reflect rC+ rN+ Str-3 Int+3
                  | SH+5}
 31918 | Vaults:5 | Got a silver rune of Zot
 31929 | Vaults:5 | Identified the amulet of Qagop {Faith rPois rF+ rN+ Dex-3}
 32124 | Vaults:5 | Identified the ring "Weenosm" {Ice rCorr Dex+2 Slay+4}
 32405 | Slime:1  | Entered Level 1 of the Pits of Slime
 33016 | Slime:2  | Received a gift from Trog
 33739 | Slime:4  | Reached skill level 20 in Shields
 33968 | Slime:5  | Entered Level 5 of the Pits of Slime
 34087 | Slime:5  | Received a gift from Trog
 34272 | Slime:5  | Noticed the Royal Jelly
 34339 | Slime:5  | Killed the Royal Jelly
 34527 | Slime:4  | Gained mutation: You are very dopey. (Int -4) [a shining
                  | eye]
 34529 | Slime:4  | Gained mutation: You have large cloven feet. [a shining
                  | eye]
 34551 | Slime:4  | Gained mutation: Your magical capacity is low. (-10% MP) [a
                  | shining eye]
 34596 | Slime:4  | Reached XP level 22. HP: 153/153 MP: 19/19
 34615 | Slime:4  | Paralysed by a floating eye for 4 turns
 34854 | Slime:5  | Identified the amulet of the Feeding Pariah {RegenMP Str+4}
 34903 | Slime:5  | Identified the ring of Awe {rElec rF- rC+ EV+5 Stlth+}
 34907 | Slime:5  | Identified the +6 morningstar of the Tundras {drain, Str+5
                  | Dex+2}
 34931 | Slime:5  | Identified the staff "Pibiarphu" {rF++ Conj}
 34933 | Slime:5  | Got a slimy rune of Zot
 34956 | Slime:5  | Identified the +7 falchion "Igeg" {heavy, rPois rN++ Int+4}
 35285 | Elf:1    | Entered Level 1 of the Elven Halls
 35287 | Elf:1    | Identified the +0 kite shield "Soaceobiwu" {rC+ Str+3}
 35287 | Elf:1    | Noticed Asterion
 35306 | Elf:1    | Killed Asterion
 35641 | Elf:1    | Identified the +8 broad axe of Melee {flame, Str+4} (Trog
                  | gifted it to you on level 1 of the Elven Halls)
 35641 | Elf:1    | Received a gift from Trog
 36071 | Elf:1    | Reached skill level 21 in Shields
 36495 | Elf:2    | Received a gift from Trog
 36514 | Elf:2    | Paralysed by an air elemental for 1 turns
 36643 | Elf:2    | Received a gift from Trog
 36643 | Elf:2    | Found the +2 Maxwell's thermic engine {flame, freeze, rev}
 36848 | Elf:2    | Found a runed translucent gate.
 36848 | Elf:2    | Found a runed translucent gate.
 36848 | Elf:2    | Found a runed translucent gate.
 37087 | Elf:2    | Found Paol Beacw's One-of-a-Kind Books.
 37090 | Elf:2    | Found a runed translucent door.
 37090 | Elf:2    | Found a shimmering altar of Xom.
 37090 | Elf:2    | Noticed schaIuck's ghost (adept GrEE)
 37090 | Elf:2    | Identified the +8 quarterstaff of Terra Nullius {chaos,
                  | Will- Str+3 Dex+6}
 37143 | Elf:2    | Killed schaIuck's ghost
 37461 | Elf:2    | Received a gift from Trog
 37513 | Elf:2    | Reached skill level 22 in Shields
 37712 | Elf:3    | Entered Level 3 of the Elven Halls
 37725 | Elf:3    | Noticed Bai Suzhen
 37728 | Elf:3    | Reached XP level 23. HP: 160/160 MP: 20/20
 37745 | Elf:3    | Killed Bai Suzhen
 38261 | Abyss:2  | Cast into level 2 of the Abyss (a deep elf sorcerer)
 38533 | Abyss:2  | Gained mutation: You sometimes lose your temper in combat.
                  | [a cacodemon]
 38700 | Abyss:2  | Found a corrupted altar of Lugonu.
 38810 | Abyss:2  | Found a corrupted altar of Lugonu.
 38877 | Elf:2    | Escaped the Abyss
 39181 | Elf:3    | Received a gift from Trog
 39341 | Elf:3    | Identified the staff "Sohuur" {rPois Dex+5 Poison}
 39381 | Elf:3    | Identified the +3 ring mail of Disguise {Str+4}
 39418 | Elf:3    | Identified the +4 mace "Equk" {holy, rN+++ Will- Str-3
                  | Dex+2}
 39651 | Elf:3    | Paralysed by an air elemental for 1 turns
 40175 | Shoals:1 | Entered Level 1 of the Shoals
 40277 | Shoals:1 | Reached skill level 23 in Shields
 40460 | Shoals:1 | Noticed Aizul
 40480 | Shoals:1 | Killed Aizul
 40922 | Shoals:2 | Found Baola's Distillery.
 41245 | Shoals:2 | Identified the +9 sling of the Shore {flame, rC+}
 41343 | Shoals:2 | Received a gift from Trog
 41574 | Shoals:2 | Identified the ring "Toll" {*Corrode Fly Will+ Dex+6 SInv}
 41836 | Shoals:3 | Found Vonweih's Assorted Antiques.
 41856 | Shoals:3 | Bought 3 scrolls of teleportation for 198 gold pieces
 41856 | Shoals:3 | Bought a potion of curing for 66 gold pieces
 42333 | Shoals:4 | Entered Level 4 of the Shoals
 42394 | Shoals:4 | Got a barnacled rune of Zot
 42583 | Shoals:4 | Reached XP level 24. HP: 169/169 MP: 20/20
 42607 | Shoals:4 | Identified the +7 war axe "Cuag" {heavy, Will+} (Trog
                  | gifted it to you on level 4 of the Shoals)
 42607 | Shoals:4 | Received a gift from Trog
 42739 | Shoals:4 | Reached skill level 24 in Shields
 43318 | Shoals:4 | Identified the amulet "Paatt" {Reflect rF++ rC+ Dex-3 SH+5}
 43682 | Crypt:1  | Entered Level 1 of the Crypt
 43773 | Crypt:1  | Lost mutation: Your muscles are strong. (Str +4, Int/Dex
                  | -1) [potion of mutation]
 43773 | Crypt:1  | Lost mutation: You have a somewhat thin skeletal structure.
                  | (Dex +2, Stealth+) [potion of mutation]
 43773 | Crypt:1  | Gained mutation: You are partially covered in iridescent
                  | scales. (AC +2) [potion of mutation]
 43773 | Crypt:1  | Gained mutation: You are mostly covered in iridescent
                  | scales. (AC +4) [potion of mutation]
 43774 | Crypt:1  | Lost mutation: You are mostly covered in iridescent scales.
                  | (AC +4) [potion of mutation]
 43774 | Crypt:1  | Lost mutation: You sometimes lose your temper in combat.
                  | [potion of mutation]
 43774 | Crypt:1  | Gained mutation: You sometimes lose your temper in combat.
                  | [potion of mutation]
 43774 | Crypt:1  | Gained mutation: You have a beak for a mouth. [potion of
                  | mutation]
 43775 | Crypt:1  | Lost mutation: You are partially covered in iridescent
                  | scales. (AC +2) [potion of mutation]
 43775 | Crypt:1  | Lost mutation: Your flesh is heat resistant. (rF+) [potion
                  | of mutation]
 43775 | Crypt:1  | Lost mutation: You have large cloven feet. [potion of
                  | mutation]
 43775 | Crypt:1  | Gained mutation: You are partially covered in iridescent
                  | scales. (AC +2) [potion of mutation]
 43775 | Crypt:1  | Gained mutation: You are agile. (Dex +4, Str/Int -1)
                  | [potion of mutation]
 43775 | Crypt:1  | Gained mutation: You are robust. (+10% HP) [potion of
                  | mutation]
 43775 | Crypt:1  | Gained mutation: A frigid envelope surrounds you and
                  | freezes all who hurt you. [potion of mutation]
 43776 | Crypt:1  | Lost mutation: A frigid envelope surrounds you and freezes
                  | all who hurt you. [potion of mutation]
 43776 | Crypt:1  | Lost mutation: You are robust. (+10% HP) [potion of
                  | mutation]
 43776 | Crypt:1  | Gained mutation: You are somewhat resistant to further
                  | mutation. [potion of mutation]
 43777 | Crypt:1  | Lost mutation: You are somewhat resistant to further
                  | mutation. [potion of mutation]
 43777 | Crypt:1  | Lost mutation: You sometimes lose your temper in combat.
                  | [potion of mutation]
 43778 | Crypt:1  | Lost mutation: You are partially covered in iridescent
                  | scales. (AC +2) [potion of mutation]
 43778 | Crypt:1  | Lost mutation: You are very dopey. (Int -4) [potion of
                  | mutation]
 43778 | Crypt:1  | Lost mutation: You are dopey. (Int -2) [potion of mutation]
 43778 | Crypt:1  | Gained mutation: Armour fits poorly on your strangely
                  | shaped body. [potion of mutation]
 43778 | Crypt:1  | Lost mutation: You have a beak for a mouth. [potion of
                  | mutation]
 43780 | Crypt:1  | Lost mutation: You are agile. (Dex +4, Str/Int -1) [potion
                  | of mutation]
 43780 | Crypt:1  | Lost mutation: Armour fits poorly on your strangely shaped
                  | body. [potion of mutation]
 43780 | Crypt:1  | Lost mutation: Your magical capacity is low. (-10% MP)
                  | [potion of mutation]
 43780 | Crypt:1  | Gained mutation: Your spells are a little easier to cast,
                  | but a little less powerful. [potion of mutation]
 43781 | Crypt:1  | Lost mutation: Your spells are a little easier to cast, but
                  | a little less powerful. [potion of mutation]
 43781 | Crypt:1  | Gained mutation: You are agile. (Dex +4, Str/Int -1)
                  | [potion of mutation]
 43781 | Crypt:1  | Gained mutation: You have a pair of small horns on your
                  | head. [potion of mutation]
 44607 | Crypt:1  | Received a gift from Trog
 44842 | Crypt:1  | Reached skill level 25 in Shields
 45969 | Crypt:3  | Entered Level 3 of the Crypt
 46206 | Crypt:3  | Noticed a dread lich
 46207 | Crypt:3  | Found a basalt altar of Yredelemnul.
 46227 | Crypt:3  | Killed a dread lich
 46320 | Crypt:3  | Found a staircase to the Tomb.
 46446 | Crypt:3  | Received a gift from Trog
 46509 | Crypt:3  | Reached skill level 26 in Shields
 46560 | Crypt:3  | Identified the ring "Edghil" {Ice Int+5}
 46560 | Crypt:3  | Noticed Josephina
 46582 | Crypt:3  | Killed Josephina
 47031 | Crypt:3  | Received a gift from Trog
 47557 | Depths:1 | Entered Level 1 of the Depths
 47613 | Depths:1 | Reached XP level 25. HP: 176/176 MP: 23/23
 47615 | Depths:1 | Identified the +6 orcbow of Arbitration {drain, Str+4
                  | Stlth+}
 47649 | Depths:1 | Noticed Mara
 47652 | Depths:1 | Noticed Gargoyl's illusion
 47691 | Depths:1 | Killed Mara
 47694 | Depths:1 | Found a gateway to Hell.
 47817 | Depths:1 | Found a transporter.
 47959 | Depths:1 | Found a transporter.
 48077 | Depths:1 | Received a gift from Trog
 48240 | Depths:1 | Found a one-way gate leading to the halls of Pandemonium.
 48611 | Depths:1 | Found a one-way gate to the infinite horrors of the Abyss.
 48708 | Depths:1 | Gained mutation: You occasionally shout uncontrollably at
                  | your foes. [mutagenic glow]
 48721 | Depths:1 | Lost mutation: You are agile. (Dex +4, Str/Int -1)
                  | [mutagenic glow]
 48738 | Depths:1 | Gained mutation: Your spells are a little easier to cast,
                  | but a little less powerful. [mutagenic glow]
 48765 | Depths:1 | Gained mutation: You are dopey. (Int -2) [mutagenic glow]
 48823 | Depths:1 | Found a glowing golden altar of the Shining One.
 48823 | Depths:1 | Found a white marble altar of Elyvilon.
 48823 | Depths:1 | Found a glowing silver altar of Zin.
 48995 | Depths:1 | Identified the +1 hat of the Cartwright {Dex+2 SInv}
 49013 | Depths:1 | Identified the +5 hand axe "Jozuorio" {flame, Dex+4}
 49092 | Depths:2 | Paralysed by a floating eye for 3 turns
 49199 | Depths:2 | Reached skill level 27 in Shields
 49306 | Depths:2 | Identified the amulet of Tuapn {Reflect rCorr Int+6 Dex+2
                  | SH+5}
 49483 | Depths:2 | Found a one-way gateway to a ziggurat.
 50416 | Depths:3 | Noticed Jory
 50436 | Depths:3 | Killed Jory
 50544 | Depths:3 | Noticed a juggernaut
 50559 | Depths:3 | Killed a juggernaut
 50745 | Depths:3 | Found Yfabo's Antique Weapon Shoppe.
 50747 | Depths:3 | Found Fepimao's Book Boutique.
 50747 | Depths:3 | Found Lautagey's Jewellery Emporium.
 50762 | Depths:3 | Bought the +10 zealot's sword {holy, Zealotry, *Rage rN+
                  | EV+3} for 4426 gold pieces
 50762 | Depths:3 | Found the +10 zealot's sword {holy, Zealotry, *Rage rN+
                  | EV+3}
 50910 | Depths:3 | Found a corrupted altar of Lugonu.
 51276 | Depths:4 | Entered Level 4 of the Depths
 51300 | Depths:4 | Reached skill level 5 in Stealth
 51307 | Depths:4 | Reached XP level 26. HP: 186/186 MP: 23/23
 51482 | Depths:4 | Found a broken altar of Ashenzari.
 51827 | Depths:4 | Identified the +2 chain mail of Minor Irritation {rC++ rN+}
 51891 | Depths:4 | Found Jutit's Jewellery Shoppe.
 51892 | Depths:4 | Found Cifuus's Book Shop.
 51893 | Depths:4 | Found Nodywn's Jewellery Shoppe.
 52210 | Depths:4 | Found a gate to the Realm of Zot.
 52329 | Pan      | Entered Pandemonium
 52395 | Pan      | Gained mutation: You expend magic power (3 MP) to
                  | strengthen your wands. [a cacodemon]
 52406 | Pan      | Gained mutation: You are very dopey. (Int -4) [a cacodemon]
 52622 | Pan      | Received a gift from Trog
 52800 | Pan      | Gained mutation: Your body sometimes deteriorates upon
                  | taking damage. [a neqoxec]
 52801 | Pan      | Gained mutation: You are frail. (-10% HP) [a neqoxec]
 53070 | Pan      | Identified the +6 flail of the Jolly Nightmares {flame,
                  | Str+2}
 53074 | Pan      | Noticed Kyorilit the pandemonium lord
 53087 | Pan      | Killed Kyorilit the pandemonium lord
 54024 | Pan      | Noticed Kigeifol the pandemonium lord
 54033 | Pan      | Killed Kigeifol the pandemonium lord
 54183 | Pan      | Reached skill level 1 in Long Blades
 54650 | Pan      | Reached skill level 10 in Dodging
 55148 | Pan      | Noticed Huxuvau the pandemonium lord
 55176 | Pan      | Killed Huxuvau the pandemonium lord
 55182 | Pan      | HP: 8/171 [hellion/damnation (32)]
 55183 | Pan      | Identified the +1 short sword "Viucw" {pain, rN+}
 55184 | Pan      | Killed from afar by a hellion

Illustrated notes

Levels and vault maps discovered:
D:1:      lemuel_arrival_rhombus, layout_loops_cross
D:2:      layout_loops_ring, serial_bayou_pond_e, uniq_jessica, uniq_terence
D:3:      layout_basic, uniq_robin
D:4:      layout_cave_pools, chequers_temple_overflow_statue_of_worship,
          columned_hall_lemuel, minmay_quantized
D:5:      cheibrodos_two_vegetables, layout_cave_pools,
          minmay_temple_entry_poolview
D:6:      layout_basic, dk_yredelemnul_ordeal, serial_shops,
          nicolae_shop_waterfront
D:7:      layout_loops_ring, grunt_nemelex_the_gamble, hangedman_decor_slide_cut
D:8:      layout_rooms, bh_walls_and_bars, uniq_amaemon
D:9:      layout_loops_ring
D:10:     layout_cross, lair_entry_dummy, zombieorc2_lemuel, glass_columns_a,
          uniq_snorg
D:11:     layout_gridville, grunt_decor_cap, uniq_maurice
D:12:     layout_roguey, okawaru_ov_weapons_minmay
D:13:     layout_cave_pools, gauntlet_entry_generic
D:14:     layout_gridville, david_vaults_3, minmay_crystal_water
D:15:     hangedman_depths_entry_try_elsewhere_first, layout_cave_pods,
          minmay_misc_feat_enclosed, nicolae_shop_overcharged_wands
Lair:1:   layout_chaotic_city, uniq_erica
Lair:2:   layout_cave_shapes, minmay_shoals_entry_hut, beast_lair_carwin_4,
          grunt_megastairs_2
Lair:3:   layout_small_grid, minmay_snake_entry_spellcaster,
          infiniplex_staircase_pool
Lair:4:   layout_cellular_growth, slime_entry_1, uniq_kirke
Lair:5:   hangedman_lair_tendril_chambers, layout_cave_pods, wormcave,
          serial_bayou_lake_a
Shoals:1: layout_shoals, uniq_aizul
Shoals:2: layout_shoals, nicolae_take_the_stairs, nicolae_shoals_this_corrosion
Shoals:3: layout_shoals, serial_shops, shop
Shoals:4: shoals_end_simple, layout_shoals, nicolae_shoals_gull_way
Snake:1:  layout_gridlike
Snake:2:  nicolae_snake_hallway, layout_chambers, nicolae_snake_squiggles,
          st_stairs_13, hangedman_snake_wide_pillar_pass
Snake:3:  layout_misc_corridors, nrook_guardian_serpent_double, minmay_shop_star
Snake:4:  hellmonk_snake_rune_quicksilver_temple, layout_misc_corridors,
          nicolae_fountain_basement, serial_bayou_shore_a
Slime:1:  layout_caves
Slime:2:  layout_caves, nicolae_slime_welcoming_committee
Slime:3:  layout_caves
Slime:4:  layout_caves
Slime:5:  slime_pit_nicolae_jellycorners
Orc:1:    layout_caves
Orc:2:    kennysheep_orc_mage_school, layout_caves, mines1_david, uniq_sonja
Elf:1:    nicolae_elf_arrival_no_cutting_in_line, layout_loops_corners,
          kennysheep_underground_church, uniq_asterion
Elf:2:    elven_hall_of_blades_hangedman_original
          [nicolae_blade_entry_sentries_behind_glass], layout_geoelf_octagon,
          ebering_ghost_xom, nicolae_elf_v_pinch, nicolae_rare_books,
          nicolae_elf_deep_mausoleum
Elf:3:    minmay_elf_hall_four_x, layout_onion_city, uniq_bai_suzhen
Vaults:1: nicolae_vaults_tetromino_Z_1, nicolae_vaults_security_offices_6,
          nicolae_vaults_meiosis, nicolae_vaults_sesquioval_fish, v_pattern_3,
          grunt_vaults_focal, nicolae_vaults_rhombus_6,
          ontoclasm_vaults_claustrophobia, nicolae_vaults_surprise_closet,
          nicolae_vaults_network_star, hangedman_vaults_maws, vaults_dpeg_ring,
          vaults_dpeg_encased_lava, nicolae_vaults_trapezoid_3,
          vaults_dpeg_emergency_exit, layout_vaults_ring
Vaults:2: nicolae_vaults_house_3, nicolae_vaults_closet_pinwheel_6,
          ontoclasm_vaults_shuriken, ontoclasm_vaults_gateway,
          nicolae_vaults_sightless_eye, nicolae_vaults_know_your_exits,
          ontoclasm_vaults_idyll, layout_vaults_chaotic_city,
          minmay_crypt_entry_nasty_monster, serial_shops, shop, uniq_donald
Vaults:3: infiniplex_enter_wizlab_glasses,
          nicolae_vaults_variable_pillar_hall_cross,
          nicolae_vaults_disappearing_quadrants, grunt_vaults_trifunnel,
          dpeg_vaults_monster_row, nicolae_vaults_surprise_closet,
          vaults_room_door_ring, v_misc_17, nicolae_vaults_closet_pinwheel_3,
          v_rooms_4, ontoclasm_vaults_decontamination,
          nicolae_vaults_offset_grid_hallway_3, v_rooms_1, layout_vaults_omnibox
Vaults:4: nicolae_vaults_closet_pinwheel_5, vaults_mumra_chevron_long,
          nicolae_vaults_little_squares_2, grunt_vaults_funnel,
          nicolae_vaults_offset_grid_hallway_3, nicolae_vaults_double_plus_1,
          layout_vaults_omnigrid
Vaults:5
Crypt:1:  layout_misc_corridors
Crypt:2:  layout_regular_city
Crypt:3:  cryptofortress_bobbens, uniq_josephina
Depths:1: gammafunk_sealed_arena, layout_basic, rand_demon_pan_entry_9,
          abyss_entry_crystal, hell_entry, serial_bayou_ford_a, hallowed_hall,
          uniq_mara
Depths:2: cross_vault, layout_honeycomb, enter_ziggurat_a,
          abyss_entry_glasseish, nicolae_kite_square_tiling_tiny, pan_entry,
          hell_entry
Depths:3: minmay_containers, layout_basic, abyss_entry_flame_altar, hell_entry,
          nicolae_wooded_promenade, minmay_staircase_windowed_large,
          grunt_megastairs_3, uniq_jory
Depths:4: evilmike_zot_entry_gauntlet, layout_gridlike, evilmike_ruin_ashenzari,
          hangedman_coc_ice_floe, pan_entry, minmay_shop_grove
Pan:      rand_demon_4, layout_irregular_city, pan_blood_fountain_2,
          evilmike_mini_pan_doors_b, layout_cellular_growth, rand_demon_8,
          layout_onion_city, pan_blood_fountain_small

Skill      XL: |  1  2  3  4  5  6  7  8  9 10 11 12 13 14 15 16 17 18 19 20 21 22 23 24 25 26 |
---------------+-------------------------------------------------------------------------------+-----
Axes           | 3 4 5 6 7 8 10 12 13 15 16 17 18 19 20 21 22 23 24 25 26 | 26.1
Fighting       | 4 5 6 7 8 9 10 12 13 14 15 16 18 19 20 21 22 23 24 26 | 26.1
Dodging        | 2 3 4 5 6 7 8 9 10 | 10.1
Shields        | 1 2 3 4 5 6 7 9 10 12 13 15 16 17 19 20 22 23 26 27 | 27.0
Armour         | 3 4 5 8 9 10 11 12 13 14 15 16 17 | 17.4
Stealth        | 1 2 3 4 5 |  5.0
Throwing       | 1 |  1.8
Long Blades    | 4 |  4.5

Action                     |  1- 3 |  4- 6 |  7- 9 | 10-12 | 13-15 | 16-18 | 19-21 | 22-24 | 25-27 || total
---------------------------+-------+-------+-------+-------+-------+-------+-------+-------+-------++-------
  Melee: Hand axe          |    89 |   248 |   277 |   145 |       |       |       |       |       ||   759
         Broad axe         |       |       |       |   264 |   827 |  1025 |  1102 |  1946 |  1004 ||  6168
         Headbutt          |       |       |       |       |       |       |       |   217 |   381 ||   598
         Eudemon blade     |       |       |       |       |       |       |       |       |    97 ||    97
  Throw: Dart              |       |       |       |    12 |     5 |       |     1 |     8 |       ||    26
 Invoke: Berserk           |     1 |     4 |     5 |    10 |    11 |     9 |    20 |     6 |    20 ||    86
         Trog's Hand       |       |     1 |       |     7 |     3 |     7 |    10 |     8 |    21 ||    57
         Brothers in Arms  |       |       |       |     2 |       |     3 |     3 |     4 |    11 ||    23
    Use: Scroll            |     2 |     6 |     2 |     8 |    19 |     4 |     7 |     1 |     9 ||    58
         Potion            |       |       |       |       |     1 |     1 |     4 |     8 |     3 ||    17
   Stab: Distracted        |       |       |     1 |       |       |     2 |       |     1 |       ||     4
         Sleeping          |       |       |       |       |       |       |     2 |     1 |       ||     3
         Held in net/web   |       |       |       |       |       |       |       |     3 |       ||     3
         Petrifying        |       |       |       |       |       |       |       |       |     1 ||     1
         Paralysed         |       |       |       |       |       |       |       |       |     1 ||     1
 Armour: Animal skin       |    43 |    19 |       |       |       |       |       |       |       ||    62
         Chain mail        |       |   150 |   253 |   399 |   655 |   785 |   827 |   850 |   573 ||  4492
  Dodge: Dodged            |    42 |    85 |   102 |   182 |   352 |   413 |   429 |   434 |   312 ||  2351
  Block: Buckler           |    19 |    64 |    71 |   176 |   726 |   861 |   406 |       |       ||  2323
         Kite shield       |       |       |     7 |       |       |       |       |       |       ||     7
         Reflection        |       |       |       |       |    43 |    83 |    66 |   146 |    35 ||   373
         Tower shield      |       |       |       |       |       |       |   845 |  2412 |  1427 ||  4684

Table legend: (Time is in decaauts)
 A = Elapsed time spent in this place.
 B = Non-inter-level travel time spent in this place.
 C = Inter-level travel time spent in this place.
 D = Time resting spent in this place.
 E = Time spent auto-exploring this place.
 F = Levels seen in this place.
 G = Mean time per level.
                   A        B        C        D        E       F      G
               +--------+--------+--------+--------+--------+-----+--------+
         Total |  54686 |  50915 |   3771 |   5425 |  31439 |  55 |  994.3 |
       Dungeon |  13243 |  12057 |   1186 |   1202 |   8089 |  15 |  882.9 |
          Lair |   5908 |   5323 |    585 |    488 |   3604 |   5 | 1181.6 |
        Shoals |   3356 |   3123 |    233 |      0 |   2191 |   4 |  839.0 |
     Snake Pit |   4172 |   3972 |    200 |    360 |   2607 |   4 | 1043.0 |
    Slime Pits |   2684 |   2606 |     78 |    369 |   1547 |   5 |  536.8 |
  Orcish Mines |   1374 |   1213 |    161 |      0 |    843 |   2 |  687.0 |
   Elven Halls |   4068 |   3886 |    182 |    444 |   2046 |   3 | 1356.0 |
        Vaults |   8407 |   7626 |    781 |   1419 |   4176 |   5 | 1681.4 |
         Crypt |   3024 |   2809 |    215 |     30 |   1801 |   3 | 1008.0 |
        Depths |   4672 |   4526 |    146 |    451 |   2895 |   4 | 1168.0 |
         Abyss |    640 |    640 |      0 |     71 |    316 |   1 |  640.0 |
   Pandemonium |   2852 |   2852 |      0 |    467 |   1292 |   3 |  950.7 |
      Gauntlet |    282 |    282 |      0 |    123 |     29 |   1 |  282.0 |
               +--------+--------+--------+--------+--------+-----+--------+

Top non-repeatable levels by time:
Vaults:4: 2770 daAuts
   Elf:2: 1784 daAuts
 Snake:2: 1609 daAuts
Vaults:3: 1605 daAuts
  Lair:2: 1563 daAuts
Vaults:2: 1485 daAuts
Vaults:1: 1439 daAuts
Depths:1: 1422 daAuts
 Crypt:3: 1319 daAuts
  Lair:5: 1226 daAuts
     D:3: 1198 daAuts
Depths:2: 1183 daAuts
   Elf:3: 1174 daAuts
  Lair:1: 1167 daAuts
   Elf:1: 1109 daAuts
